 Dungeon Crawl Stone Soup version 0.22-a0-539-gfbd9004e3f (webtiles) character file.

5492 JackS81 the Basher (level 10, -13/74 HPs)
             Began as a Demonspawn Monk on June 24, 2018.
             Was an Elder of Okawaru.
             Mangled by a polar bear (26 damage)
             ... on level 9 of the Dungeon.
             The game lasted 00:34:36 (10221 turns).

JackS81 the Basher (Demonspawn Monk)               Turns: 10221, Time: 00:34:36

Health: -13/74     AC:  9    Str: 11    XL:     10   Next: 42%
Magic:  12/12      EV: 21    Int: 12    God:    Okawaru [****..]
Gold:   497        SH:  0    Dex: 19    Spells: 6/9 levels left

rFire    . . .     SeeInvis .   D - +0 whip (flame)
rCold    . . .     Gourm    .   (no shield)
rNeg     + . .     Faith    .   m - +0 leather armour
rPois    .         Spirit   .   (helmet restricted)
rElec    .         Reflect  .   (no cloak)
rCorr    .         Harm     .   d - +1 pair of gloves
MR       .....                  (no boots)
Stlth    +++.......             (no amulet)
HPRegen  0.22/turn              y - ring of positive energy
MPRegen  0.13/turn              (no ring)

@: heroism
A: horns 2, thin metallic scales 2, rot immunity
a: Heroism, Renounce Religion


You were on level 9 of the Dungeon.
You worshipped Okawaru.
Okawaru was greatly pleased with you.
You were not hungry.

You visited 1 branch of the dungeon, and saw 9 of its levels.

You collected 497 gold pieces.

Inventory:

Hand Weapons
 a - a +0 mace
 p - a +0 whip
 u - a +2 flail of protection
 x - a cursed +0 shortbow
 D - a +0 whip of flaming (weapon)
 G - a +3 morningstar
 H - a +0 dire flail
 I - the +7 short sword of the Unliving {antimagic, SInv}
   (You found it on level 7 of the Dungeon)

   It reduces the magical energy of the wielder, and disrupts the spells and
   magical abilities of those hit.
   Natural abilities and divine invocations are not affected.
   It lets you see invisible.
 O - a +0 blowgun
Missiles
 e - 117 arrows
 h - 57 poisoned needles
 k - 3 curare-tipped needles
 n - 56 bolts
 N - 3 exploding tomahawks (quivered)
Armour
 b - a +0 robe
 d - a +1 pair of gloves (worn)
 l - a +0 chain mail
 m - a +0 leather armour (worn)
 F - a +0 plate armour
Jewellery
 y - a ring of positive energy (left hand)
Wands
 t - a wand of paralysis (13)
Scrolls
 g - 3 scrolls of teleportation
 i - 5 scrolls of remove curse
 j - 2 scrolls of enchant weapon {unknown}
 o - 2 scrolls of identify
 q - 4 scrolls of fog {unknown}
 r - 3 scrolls of magic mapping {unknown}
 s - 4 scrolls of immolation {unknown}
 A - 2 scrolls of random uselessness
 E - 2 scrolls of enchant armour
 L - a scroll of fear {unknown}
Potions
 f - 2 potions of agility
 v - 2 potions of flight
 z - a potion of might
 B - a potion of brilliance
 C - a potion of magic
 K - a potion of mutation
 M - a potion of curing
Comestibles
 c - 18 rations


   Skills:
 + Level 5.3(10.3) Fighting
 * Level 10.6(15.6) Maces & Flails
 * Level 4.8(9.8) Armour
 * Level 6.3(11.3) Dodging
 - Level 1.7(6.7) Stealth
 - Level 3.5 Hexes
 * Level 1.8 Translocations
 + Level 3.6 Invocations


You had 6 spell levels left.
You knew the following spells:

 Your Spells              Type           Power        Failure   Level  Hunger
a - Confusing Touch       Hex            #.....       10%         1    ##.....
b - Blink                 Tloc           N/A          30%         2    ###....

Your spell library contained the following spells:

 Spells                   Type           Power        Failure   Level  Hunger
 Magic Dart               Conj           #...         38%         1    ##.....
 Apportation              Tloc           #.....       21%         1    ##.....
 Conjure Flame            Conj/Fire      #.......     77%         3    ####...
 Slow                     Hex            #.......     14%         2    ###....
 Mephitic Cloud           Conj/Pois/Air  #.......     77%         3    ####...
 Venom Bolt               Conj/Pois      #.........   100%        5    ######.
 Olgreb's Toxic Radiance  Pois           #.......     99%         4    #####..
 Summon Small Mammal      Summ           #...         38%         1    ##.....
 Animate Skeleton         Necr           N/A          38%         1    ##.....
 Call Imp                 Summ           #.......     52%         2    ###....
 Sting                    Conj/Pois      #...         38%         1    ##.....
 Poisonous Vapours        Pois/Air       #.....       52%         2    ###....


Dungeon Overview and Level Annotations

Branches:
Dungeon (9/15)             Temple (0/1) D:5            Lair (0/6) D:8
    Orc: D:9-12

Altars:
Elyvilon
Fedhas
Gozag
Makhleb
Okawaru
Qazlal
Ru
Trog
Vehumet

Annotations:
D:5 2 transporters


Innate Abilities, Weirdness & Mutations

You have a pair of horns on your head.
You are mostly covered in thin metallic scales. (AC +3)
You are immune to rotting.


Message History

You headbutt the polar bear, but do no damage.
The polar bear is almost dead.
The polar bear bites you!
* * * LOW HITPOINT WARNING * * *
The polar bear claws you but does no damage.
The polar bear claws you.
* * * LOW HITPOINT WARNING * * *
Okay, then.
Unknown command.
You feel better. The polar bear closely misses you.
The polar bear completely misses you. The polar bear closely misses you.
You completely miss the polar bear.
The polar bear is almost dead.
The polar bear bites you but does no damage.
The polar bear claws you but does no damage.
The polar bear barely misses you.
You whack the polar bear! You burn the polar bear.
The polar bear is almost dead.
The polar bear bites you!!
You die...

############.#.# #.#...#
.............#.#.#.##..#..#
.............#.#.#.....#..#
....######.......###...#..# .....#
#.....### #...#..# .....# #.....#
#...#..# )..#.#####.....# #.#.#..#
<..#.....).....#####.#.#..#
############.#.h@....#.#..#
.............#########....#
..........................#
...####...##.....######...#
...'..+....#.....######...#######
...####....#.......รท.............
...# #....####..........>.......
...# #....# #..................
...# #....# #..................


You could see a polar bear (berserk).

Vanquished Creatures
  A two-headed ogre (D:8)
  Pikel (D:7)
  A polar bear (D:9)
  Sigmund (D:2)
  A human (D:7)
  4 hogs (D:7)
  A water moccasin (D:5)
  4 orc warriors
  5 sky beasts
  3 ice beasts
  2 phantoms
  A wolf (D:9)
  3 centaurs
  A big kobold (D:8)
  2 bullfrogs (D:9)
  Blork the orc (D:5)
  3 killer bees (D:9)
  4 wights (D:7)
  5 crimson imps
  A bullfrog zombie (D:7)
  A centaur zombie (D:6)
  4 hounds
  2 jellies
  A centaur skeleton (D:7)
  2 orc priests (D:8)
  Terence (D:2)
  2 iguanas
  3 orc wizards
  Natasha (D:2)
  5 worker ants
  2 bullfrog simulacra (D:9)
  A hound zombie (D:7)
  7 gnolls
  A howler monkey skeleton (D:5)
  6 adders
  A white imp (D:9)
  An ufetubus (D:9)
  An adder zombie (D:9)
  3 worms
  A dart slug (D:1)
  An adder simulacrum (D:9)
  5 leopard geckos
  17 orcs
  A ball python (D:8)
  10 giant cockroaches
  3 goblins
  4 hobgoblins
  3 jackals (D:9)
  5 quokkas
  7 bats
  5 frilled lizards
  11 kobolds
  A quokka skeleton (D:7)
  A quokka zombie (D:5)
  8 rats
173 creatures vanquished.

Vanquished Creatures (others)
  4 fungi (D:8)
4 creatures vanquished.

Grand Total: 177 creatures vanquished

Notes
Turn   | Place    | Note
-------+----------+-------------------------------------------
     0 | D:1      | JackS81 the Demonspawn Monk began the quest for the Orb.
     0 | D:1      | Reached XP level 1. HP: 18/18 MP: 1/1
   161 | D:1      | Reached skill level 3 in Maces & Flails
   199 | D:1      | Gained mutation: You have a pair of small horns on your head. [demonic ancestry]
   199 | D:1      | Reached XP level 2. HP: 23/24 MP: 2/2
   800 | D:2      | Reached XP level 3. HP: 25/29 MP: 3/3
   981 | D:2      | Noticed Terence
  1004 | D:2      | Killed Terence
  1004 | D:2      | Reached skill level 4 in Maces & Flails
  1035 | D:2      | Gained mutation: You are partially covered in thin metallic scales. (AC +2) [demonic ancestry]
  1035 | D:2      | Reached XP level 4. HP: 32/35 MP: 4/4
  1661 | D:2      | Noticed Sigmund
  1677 | D:2      | Killed Sigmund
  1677 | D:2      | Reached skill level 5 in Maces & Flails
  1677 | D:2      | Reached XP level 5. HP: 41/41 MP: 5/5
  1714 | D:2      | Noticed Natasha
  1735 | D:2      | Killed Natasha
  1735 | D:2      | Gained mutation: You are mostly covered in thin metallic scales. (AC +3) [demonic ancestry]
  1735 | D:2      | Reached XP level 6. HP: 47/47 MP: 6/6
  2188 | D:3      | Found an iron altar of Okawaru.
  2202 | D:3      | Became a worshipper of Warmaster Okawaru
  2202 | D:3      | Reached * piety under Okawaru
  2202 | D:3      | Reached ** piety under Okawaru
  2431 | D:3      | Reached skill level 6 in Maces & Flails
  3532 | D:4      | Found a white marble altar of Elyvilon.
  3532 | D:4      | Found an opulent altar of Gozag.
  3532 | D:4      | Found a bloodstained altar of Trog.
  3626 | D:4      | Found a faded altar of an unknown god.
  3626 | D:4      | Found an iron altar of Okawaru.
  3631 | D:4      | Found a sacrificial altar of Ru.
  3633 | D:4      | Found a burning altar of Makhleb.
  3635 | D:4      | Found a faded altar of an unknown god.
  3869 | D:5      | Entered Level 5 of the Dungeon
  3869 | D:5      | Noticed a sky beast
  3880 | D:5      | Killed a sky beast
  3880 | D:5      | Reached skill level 1 in Armour
  3880 | D:5      | Reached skill level 1 in Invocations
  3902 | D:5      | Found a transporter.
  3919 | D:5      | Noticed a water moccasin
  3931 | D:5      | Killed a water moccasin
  3931 | D:5      | Gained mutation: You have a pair of horns on your head. [demonic ancestry]
  3931 | D:5      | Reached XP level 7. HP: 42/53 MP: 6/8
  4183 | D:5      | Found a staircase to the Ecumenical Temple.
  4467 | D:5      | Reached skill level 7 in Maces & Flails
  4586 | D:5      | Noticed Blork the orc
  4607 | D:5      | Killed Blork the orc
  4707 | D:5      | Gained mutation: You are immune to rotting. [demonic ancestry]
  4707 | D:5      | Reached XP level 8. HP: 59/60 MP: 10/10
  4814 | D:5      | Found a transporter.
  4905 | D:6      | Reached *** piety under Okawaru
  5229 | D:6      | Learned a level 1 spell: Confusing Touch
  5881 | D:7      | Noticed Pikel
  6125 | D:7      | Killed Pikel
  6125 | D:7      | Reached **** piety under Okawaru
  6125 | D:7      | Reached skill level 8 in Maces & Flails
  6125 | D:7      | Reached skill level 1 in Hexes
  6142 | D:7      | Found a radiant altar of Vehumet.
  6300 | D:7      | Reached XP level 9. HP: 48/66 MP: 8/11
  6336 | D:7      | Got a dazzling short sword
  6451 | D:7      | Identified the +7 short sword of the Unliving {antimagic, SInv} (You found it on level 7 of the Dungeon)
  6767 | D:7      | Reached skill level 5 in Dodging
  7318 | D:7      | Reached skill level 9 in Maces & Flails
  7979 | D:8      | Found a staircase to the Lair.
  8348 | D:8      | Reached skill level 5 in Fighting
  8384 | D:8      | Found a stormy altar of Qazlal.
  8453 | D:8      | Learned a level 2 spell: Blink
  8570 | D:8      | Found a blossoming altar of Fedhas.
  8653 | D:8      | Noticed a two-headed ogre
  8674 | D:8      | Killed a two-headed ogre
  8674 | D:8      | Reached ***** piety under Okawaru
  8674 | D:8      | Reached skill level 10 in Maces & Flails
  8674 | D:8      | Reached XP level 10. HP: 30/74 MP: 10/12
  9523 | D:9      | Reached skill level 1 in Translocations
 10218 | D:9      | HP: 1/74 [polar bear (3)]
 10221 | D:9      | Mangled by a polar bear

Vault maps used:
D:1:      nicolae_arrival_washed_ashore
D:2:      uniq_natasha, uniq_terence, uniq_sigmund
D:3:      first_ration, okawaru_gym_becter
D:4:      gammafunk_temple_overflow_claw, chequers_temple_overflow_minitemple
D:5:      gammafunk_cloud_chamber, minmay_temple_entry_large_hall,
          minmay_misc_feat_rugged, uniq_blork_the_orc
D:6:      gup_sewer_entry_pipe, serial_bayou_crossing
D:7:      vehumet_crystals, grunt_livestock, uniq_pikel
D:8:      grunt_temple_overflow_forces_of_nature, dpeg_oklobed_lair
D:9:      serial_ice, serial_ice_g, serial_ice_n, serial_ice_a, serial_ice_b,
          serial_ice_o, serial_ice_l, serial_ice_f

Skill      XL: |  1  2  3  4  5  6  7  8  9 10 |
---------------+-------------------------------+-----
Maces & Flails | 3 4 5 6 7 8 10 | 10.6
Armour         | 1 3 4 |  4.8
Invocations    | 1 2 3 |  3.6
Dodging        | 3 4 6 |  6.3
Fighting       | 4 5 |  5.3
Hexes          | 2 3 |  3.5
Translocations | 1 |  1.8
Stealth        | |  1.7

Action                   |  1- 3 |  4- 6 |  7- 9 | 10-12 || total
-------------------------+-------+-------+-------+-------++-------
Melee: Mace              |    85 |   143 |   190 |       ||   418
       Headbutt          |     7 |    19 |   105 |    37 ||   168
       Punch             |       |       |     5 |     4 ||     9
       Whip              |       |       |   206 |   193 ||   399
       Morningstar       |       |       |    74 |       ||    74
 Fire: Blowgun           |       |       |     4 |     3 ||     7
Throw: Javelin           |       |       |     7 |     3 ||    10
       Tomahawk          |       |       |       |     1 ||     1
Invok: Heroism           |       |     1 |    11 |     4 ||    16
  Use: Scroll            |     1 |     3 |     9 |       ||    13
       Potion            |     1 |     3 |     5 |     3 ||    12
 Stab: Sleeping          |     1 |     2 |     3 |       ||     6
       Distracted        |       |       |     1 |       ||     1
  Eat: Chunk             |       |     6 |     9 |     3 ||    18
       Ration            |       |     1 |     2 |     1 ||     4
Armor: Robe              |    25 |       |       |       ||    25
       Leather armour    |     8 |    43 |    92 |    32 ||   175
       Skin              |     4 |       |       |       ||     4
Dodge: Dodged            |    94 |    85 |   224 |   125 ||   528

Table legend:
 A = Spawn XP
 B = Non-spawn XP
 C = Spawn XP percentage of total XP
 D = Spawn monster count
 E = Non-spawn monster count
 F = Spawn count percentage of total count
 G = Total turns spent on level
                    A         B        C        D         E        F      G
               +---------+---------+-------+---------+---------+-------+---------
         Total |       0 |    7847 |   0.0 |       0 |     173 |   0.0 | 10221
               +---------+---------+-------+---------+---------+-------+---------
           D:1 |       0 |      31 |   0.0 |       0 |      17 |   0.0 |   796
           D:2 |       0 |     357 |   0.0 |       0 |      25 |   0.0 |  1149
           D:3 |       0 |      26 |   0.0 |       0 |       8 |   0.0 |   644
           D:4 |       0 |     171 |   0.0 |       0 |       7 |   0.0 |  1280
           D:5 |       0 |     853 |   0.0 |       0 |      14 |   0.0 |   989
           D:6 |       0 |     474 |   0.0 |       0 |      22 |   0.0 |  1056
           D:7 |       0 |    2431 |   0.0 |       0 |      24 |   0.0 |  1809
           D:8 |       0 |    2033 |   0.0 |       0 |      30 |   0.0 |  1233
           D:9 |       0 |    1471 |   0.0 |       0 |      26 |   0.0 |  1265
               +---------+---------+-------+---------+---------+-------+---------
